 Dungeon Crawl Stone Soup version 0.14.1-1-g650416f (webtiles) character file.

4101 Raneman the Nimble (level 9, -4/75 HPs)
             Began as a Green Draconian Berserker on May 3, 2014.
             Was an Elder of Trog.
             Slain by a seven-headed hydra (7 damage)
             ... on Level 7 of the Dungeon.
             The game lasted 01:05:00 (7500 turns).

Raneman the Nimble (Green Draconian Berserker)      Turns: 7500, Time: 01:05:00

HP  -4/75        AC 12     Str 23      XL: 9   Next: 52%
MP   9/9         EV 17     Int  7      God: Trog [****..]
Gold 1138        SH  0     Dex 13 (15) Spells:  0 memorised,  8 levels left

rFire  . . .     SeeInvis .     e - +1,+0 flail (protect) (curse)
rCold  . . .     Clarity  .     (armour unavailable)
rNeg   . . .     Conserve .     (no shield)
rPois  +         rCorr    .     (helmet restricted)
rElec  .         rRot     .     (no cloak)
SustAb . .       Spirit   .     (no gloves)
rMut   .         Warding  .     (no boots)
Saprov . . .     Stasis   .     (no amulet)
MR     .....                    o - ring of poison resistance
                                n - +4 ring of dexterity

@: exhausted, slowed, very slow, not resistant to hostile enchantments, stealthy
A: breathe noxious fumes, unfitting armour, poison resistance, AC +7
a: Breathe Noxious Fumes, Burn Spellbooks, Berserk, Trog's Hand, Brothers in
Arms, Renounce Religion


You were on level 7 of the Dungeon.
You worshipped Trog.
Trog was greatly pleased with you.
You were near starving.

You visited 1 branch of the dungeon, and saw 7 of its levels.
You also visited: Bailey.

You collected 1193 gold pieces.
You spent 55 gold pieces at shops.

Inventory:

Hand weapons
 e - a cursed +1,+0 flail of protection (weapon)
 q - a +2,+1 hand axe
 r - a +0,+1 mace of holy wrath
Armour
 f - a +0 helmet
 h - a +0 ring mail
Magical devices
 l - a wand of flame (2)
 u - a wand of flame (9)
 v - a wand of flame (9)
Comestibles
 b - 11 sultanas
 s - 3 meat rations
 z - a bread ration
Scrolls
 c - 2 scrolls of magic mapping
 g - 5 scrolls of remove curse
 j - 4 scrolls of amnesia
 m - 3 scrolls of noise
Jewellery
 n - a +4 ring of dexterity (left hand)
 o - a ring of poison resistance (right hand)
 y - an uncursed ring of wizardry
 A - an uncursed ring of magical power
Potions
 a - 2 potions of might
 d - a potion of invisibility
 i - 2 potions of curing
 k - a potion of flight
 p - a potion of heal wounds
 t - a potion of degeneration
 w - a potion of restore abilities {unknown}
 B - a potion of berserk rage {unknown}
Magical staves
 x - a cursed staff of fire {unknown}


   Skills:
 + Level 6.0 Fighting
 + Level 7.1 Axes
 + Level 2.0 Maces & Flails
 + Level 9.0 Dodging
 + Level 4.6 Stealth


You had 8 spell levels left.
You didn't know any spells.

Dungeon Overview and Level Annotations

Branches:
Dungeon (7/15)             Temple (0/1) D:7

Altars:

Shops:
D:4 (


Innate Abilities, Weirdness & Mutations

You can breathe blasts of noxious fumes.
Your lurid green scales are hard (AC +7).
Your body does not fit into most forms of armour.
Your cold-blooded metabolism reacts poorly to cold.
Your system is resistant to poisons.


Message History

The seven-headed hydra bites your ogre. x2
The seven-headed hydra completely misses your ogre.
The seven-headed hydra bites your ogre.
The seven-headed hydra barely misses your ogre.
Your ogre hits the seven-headed hydra with a giant club!
The seven-headed hydra bites your ogre!
Your ogre dies!
Your ogre's corpse disappears in a puff of smoke!
The seven-headed hydra misses you.
The seven-headed hydra bites you but does no damage.
The seven-headed hydra closely misses you.
The seven-headed hydra bites you.
* * * LOW HITPOINT WARNING * * *
The seven-headed hydra barely misses you.
The seven-headed hydra closely misses you.
The seven-headed hydra bites you but does no damage.
The seven-headed hydra misses you.
The seven-headed hydra completely misses you.
The seven-headed hydra bites you!
You die...

...#......# #.#
#.# ..........#
#.# #)#
.........)# #.#
#.# ###'#######
#.# #.# ....# #.#
#.# ##### #.# #.#
#.# #.#
#.#############.#
#.(@D...........#
###############.#
###


You could see a seven-headed hydra.

Vanquished Creatures
  A hippogriff (D:7)
  A necrophage (D:7)
  2 sky beasts (D:6)
  An ogre (D:4)
  10 orc warriors (Bailey)
  4 centaurs
  Sigmund (D:3)
  A giant slug (D:4)
  A giant frog (D:7)
  3 scorpions
  A giant frog skeleton (D:4)
  2 hounds (D:5)
  A jelly (D:7)
  6 orc wizards
  A two-headed ogre skeleton (D:6)
  2 iguanas
  7 worker ants
  Ijyb (D:3)
  An ogre skeleton (D:6)
  A mummy (D:6)
  3 gnolls (D:5)
  11 adders
  A shadow imp (D:6)
  An inept feature mimic (D:5)
  2 giant mites
  2 worms
  An adder skeleton (D:5)
  5 giant geckos
  22 orcs
  3 ball pythons
  17 bats
  2 bat skeletons
  3 giant cockroaches
  22 goblins
  19 hobgoblins
  4 jackals (D:3)
  A quokka (D:3)
  3 giant newts
  A jackal skeleton (D:4)
  10 kobolds
  A kobold zombie (D:7)
  3 orc skeletons
  An orc zombie (D:6)
  9 rats
195 creatures vanquished.

Vanquished Creatures (others)
  An ogre (D:7)
  A plant (D:4)
2 creatures vanquished.

Grand Total: 197 creatures vanquished

Notes
Turn   | Place    | Note
--------------------------------------------------------------
     0 | D:1      | Raneman, the Draconian Berserker, began the quest for the Orb.
     0 | D:1      | Reached XP level 1. HP: 19/19 MP: 1/1
   165 | D:1      | Reached XP level 2. HP: 15/26 MP: 2/2
   635 | D:2      | Acquired Trog's second power
   831 | D:2      | Reached XP level 3. HP: 29/31 MP: 3/3
  1362 | D:3      | Noticed Ijyb
  1376 | D:3      | Killed Ijyb
  1376 | D:3      | Reached XP level 4. HP: 35/40 MP: 4/4
  1655 | D:3      | Reached skill level 1 in Stealth
  1697 | D:3      | Reached skill level 4 in Dodging
  1788 | D:3      | Reached XP level 5. HP: 25/46 MP: 5/5
  1979 | D:3      | Noticed Sigmund
  2006 | D:3      | Killed Sigmund
  2556 | D:3      | Reached XP level 6. HP: 47/52 MP: 6/6
  2703 | D:4      | Reached skill level 5 in Dodging
  2840 | D:4      | Found Ifumiud's Weapon Boutique.
  2867 | D:4      | Bought a +2,+0 hand axe for 55 gold pieces
  2973 | D:4      | Your scales start taking on a lurid green colour.
  2973 | D:4      | Gained mutation: Your system is resistant to poisons. [draconian maturity]
  2973 | D:4      | Reached XP level 7. HP: 3/59 MP: 7/7
  3380 | D:4      | Reached skill level 6 in Dodging
  3462 | D:4      | HP: 3/90 [worker ant (6)]
  4070 | D:5      | Entered Level 5 of the Dungeon
  4110 | D:5      | Reached skill level 5 in Axes
  4486 | D:5      | Acquired Trog's third power
  4546 | D:5      | Reached skill level 1 in Maces & Flails
  4700 | D:6      | Reached XP level 8. HP: 48/67 MP: 8/8
  4815 | D:6      | Reached skill level 7 in Dodging
  4833 | D:6      | HP: 3/67 [centaur/arrow (18)]
  5318 | D:6      | Reached skill level 5 in Fighting
  6020 | D:7      | Found a flagged portal.
  6181 | Bailey   | Entered a bailey
  6197 | Bailey   | Reached skill level 8 in Dodging
  6424 | Bailey   | Reached XP level 9. HP: 74/74 MP: 9/9
  7293 | D:7      | Found a staircase to the Ecumenical Temple.
  7310 | D:7      | Reached skill level 9 in Dodging
  7463 | D:7      | Noticed a seven-headed hydra
  7492 | D:7      | HP: 3/75 [seven-headed hydra (2)]
  7498 | D:7      | HP: 3/75 [seven-headed hydra (1)]
  7500 | D:7      | Slain by a seven-headed hydra

Action                   |  1- 3 |  4- 6 |  7- 9 || total
-------------------------+-------+-------+-------++-------
Melee: Hand axe          |   124 |   251 |   325 ||   700
       Mace              |       |       |    31 ||    31
       Flail             |       |       |     2 ||     2
Invok: Trog's Hand       |       |     2 |       ||     2
       Berserk           |       |     2 |     4 ||     6
       Brothers in Arms  |       |       |     1 ||     1
 Abil: Breathe Noxious F |       |       |    14 ||    14
  Use: Scroll            |     4 |     3 |     5 ||    12
       Potion            |     4 |     4 |     5 ||    13
 Stab: Sleeping          |       |     1 |     3 ||     4
       Confused          |       |       |     5 ||     5
